 Dungeon Crawl Stone Soup version 0.30-a0-121-gb27577e5d9 (console) character file.

Game seed: 6309328912422235571

105044 jejorda2 the Blocker (level 16, -23/100 HPs)
             Began as a Tengu Berserker on Sept 14, 2022.
             Was a High Priest of Trog.
             Killed from afar by a will-o-the-wisp (30 damage)
             ... with a foxfire
             ... on level 3 of the Swamp.
             The game lasted 01:21:08 (23443 turns).

jejorda2 the Blocker (Tengu Berserker)             Turns: 23443, Time: 01:21:11

Health: -23/100    AC: 33    Str: 21    XL:     16   Next: 40%
Magic:  17/17      EV: 16    Int: 13    God:    Trog [*****.]
Gold:   1107       SH: 10    Dex: 19    Spells: 15/15 levels left

rFire   . . .      SeeInvis +    a - +2 scimitar (flame)
rCold   + . .      Faith    .    W - +2 buckler {AC+3}
rNeg    . . .      Spirit   .    S - +4 chain mail {rPois}
rPois   +          Reflect  .    G - +2 hat {SInv}
rElec   +          Harm     .    Y - +4 cloak "Vuampi" {rElec}
rCorr   +          Rampage  .    U - +2 pair of gloves of Forking Paths {rC+ Str+2 Int+4}
Will    ++...                    (boots unavailable)
Stlth   ..........               p - amulet of regeneration
HPRegen 1.06/turn                f - +4 ring of protection
MPRegen 0.15/turn                h - ring of Jujes {Fly Will+ rCorr Slay+5 Stlth-}

@: flying quickly and evasively, quick
A: beak, talons 3, nimble flight
a: Renounce Religion, Berserk, Trog's Hand, Brothers in Arms


You were on level 3 of the Swamp.
You worshipped Trog.
Trog was extremely pleased with you.
You visited 5 branches of the dungeon, and saw 26 of its levels.
You also visited: Gauntlet.

You collected 2763 gold pieces.
You spent 1656 gold pieces at shops.

Inventory:

Hand Weapons
 a - a +2 scimitar of flaming (weapon)
 b - the +8 short sword "Demonbane" {antimagic, rC+}
   (You found it on level 3 of the Dungeon)

   It reduces the magical energy of the wielder, and disrupts the spells and
   magical abilities of those it strikes.
   Natural abilities and divine invocations are not affected.
   rC:        It protects you from cold.
Missiles
 d - 173 stones
 j - 39 poisoned darts
 m - 17 boomerangs (quivered)
 z - 4 curare-tipped darts
 E - 6 javelins
 M - 3 boomerangs of dispersal
 R - 5 throwing nets
Armour
 k - a scarf of resistance
 G - a +2 hat of see invisible (worn)
 S - a +4 chain mail of poison resistance (worn)
 U - the +2 pair of gloves of Forking Paths (worn) {rC+ Str+2 Int+4}
   (You found it in a Gauntlet)

   Str:       It affects your strength (+2).
   Int:       It affects your intelligence (+4).
   rC:        It protects you from cold.
 W - a +2 buckler of protection (worn)
 Y - the +4 cloak "Vuampi" (worn) {rElec}
   (You bought it in a shop on level 2 of the Orcish Mines)

   rElec:     It insulates you from electricity.
Jewellery
 f - a +4 ring of protection (left hand)
 h - the ring of Jujes (right hand) {Fly Will+ rCorr Slay+5 Stlth-}
   (You found it in a Gauntlet)

   [ring of flight]

   Slay:      It affects your accuracy & damage with ranged weapons and melee
   (+5).
   Fly:       It grants you flight.
   rCorr:     It protects you from acid and corrosion.
   Will:      It increases your willpower.
   Stlth:     It makes you less stealthy.
 p - an amulet of regeneration (around neck)
 q - a ring of positive energy
 w - a ring of magical power
 O - a ring of protection from cold
Wands
 s - a wand of polymorph (16)
 u - a wand of paralysis (35)
 y - a wand of digging (12)
 C - a wand of flame (70)
 D - a wand of acid (24)
 J - a wand of mindburst (7)
 N - a wand of roots (19)
Scrolls
 c - 3 scrolls of fear
 g - 6 scrolls of teleportation
 i - 3 scrolls of fog
 r - a scroll of summoning
 I - a scroll of poison
 P - 2 scrolls of enchant weapon
 Q - 2 scrolls of immolation
 T - a scroll of magic mapping
 V - 2 scrolls of blinking
Potions
 e - 9 potions of mutation
 l - 3 potions of attraction
 n - 2 potions of lignification
 o - 4 potions of might
 t - 8 potions of heal wounds
 v - a potion of cancellation
 x - 6 potions of curing
 A - 3 potions of resistance
 B - 4 potions of ambrosia
 F - a potion of invisibility
 H - 3 potions of haste
 L - 4 potions of berserk rage
Miscellaneous
 K - a tin of tremorstones (2/2)
 X - a condenser vane


   Skills:
 + Level 11.6 Fighting
 - Level 8.6(12.0) Short Blades
 - Level 13.0(14.0) Long Blades
 * Level 12.2 Throwing
 - Level 9.0 Armour
 + Level 11.4 Dodging
 - Level 3.0 Stealth
 - Level 14.0 Shields
 - Level 6.0 Evocations


You had 15 spell levels left.
You didn't know any spells.
Your spell library was empty.

Dungeon Overview and Level Annotations

Branches:
Dungeon (15/15)            Temple (1/1) D:7            Lair (5/5) D:8
  Swamp (3/4) Lair:2        Snake (0/4) Lair:2        Slime (0/5) Lair:5
    Orc (2/2) D:11            Elf (0/3) Orc:2        Vaults (0/5) D:13
 Depths (0/4) D:15        Gauntlet (visited)

Altars:
Cheibriados
Elyvilon
Gozag
Kikubaaqudgha
Makhleb
Nemelex Xobeh
Okawaru
Qazlal
Ru
Sif Muna
Trog
Uskayaw
Wu Jian
Xom
Zin
The Shining One
Jiyva

Shops:
D:9 *   D:15 *   Orc:1 *   Orc:2 ?**(

Annotations:
D:10 3 runed translucent doors, porpoise's ghost, journeyman TrBr
Lair:1 1 runed translucent door, Aky Rat's ghost, novice DsNe
Lair:5 2 transporters, porpoise's ghost, journeyman DsGl
Swamp:1 3 runed translucent doors, Lance11888's ghost, journeyman OgCA
Swamp:2 1 runed translucent door, SigmundSlayer's ghost, adept DEIE


Innate Abilities, Weirdness & Mutations

You have a beak for a mouth.
You have claws for feet.
Your magical nature lets you fly swiftly and evasively.


Message History

An eleionoma bone magically twists into a wand of acid (12).
No target in view!
A will-o-the-wisp comes into view.
The will-o-the-wisp gives a chilling moan.
The will-o-the-wisp gestures.
The will-o-the-wisp conjures some foxfire!
A foxfire comes into view.
Items here: / †.
You throw a boomerang.
The boomerang hits the will-o-the-wisp!!
The will-o-the-wisp is severely damaged.
A foxfire comes into view.
The foxfire hits you!
The will-o-the-wisp gestures.
The will-o-the-wisp conjures some foxfire! 2 foxfires come into view.
The foxfire moves out of view. x2
A spriggan rider comes into view. It is wielding a +0 spear.
The spriggan rider shouts!
The will-o-the-wisp gestures.
The will-o-the-wisp conjures some foxfire!
The foxfire dissipates! 2 foxfires come into view.
Found 13 gold pieces.
The foxfire hits you!! The foxfire hits you!
A swamp worm comes into view.
The will-o-the-wisp gestures.
The will-o-the-wisp conjures some foxfire!
The spriggan rider hits you from afar with a +0 spear! 2 foxfires come into view.
Found a pair of jewelled boots.
The foxfire hits you! The foxfire hits you.
The will-o-the-wisp gestures.
The will-o-the-wisp conjures some foxfire! 2 foxfires come into view.
You barely miss the will-o-the-wisp. Your kick misses the will-o-the-wisp.
You peck the will-o-the-wisp, but do no damage.
The will-o-the-wisp is heavily damaged.
The foxfire hits you!!
* * * LOW HITPOINT WARNING * * *
The foxfire hits you!!
You die...

♣........~...♣ ♣♣♣.~~
♣♣....~..♣♣ ♣♣♣.
♣.~.~~~...♣♣ ♣♣..
♣.~...~....♣ ♣..♣
♣....~/.♣♣.♣ ♣.♣.
♣..~~.~♣.♣.♣♣♣♣♣♣♣.♣♣
♣..~....♣♣...†.....♣♣
♣.~§§.♣♣♣♣♣♣♣♣♣♣♣♣♣♣♣
♣~§v@§$...... .!..
♣.§v§i♣♣♣♣♣♣♣ ♣♣♣♣
♣~§§§... ♣> ♣~.§...♣♣
♣.♣♣ ♣..~.... ♣.♣~
♣.~~....w ♣..~
♣~...~~..[ .♣..
♣.~.~.~.~♣. ~.♣. . ♣~


You could see a spriggan rider, a will-o-the-wisp and a swamp worm.

Vanquished Creatures
  Rupert (Orc:2)
  Gastronok (D:11)
  A fenstrider witch (Swamp:2)
  Louise (D:15)
  An ironbound preserver (D:13)
  A minotaur (Gauntlet)
  Nessos (D:12)
  3 bunyips
  2 eleionomae
  An ettin (Orc:2)
  Snorg (D:10)
  A shambling mangrove (Swamp:2)
  Josephine (Orc:1)
  10 hydras
  Harold (D:9)
  3 catoblepae (Lair:5)
  A death knight (D:13)
  2 centaur warriors (D:14)
  3 boulder beetles
  2 two-headed ogres
  4 alligators
  Erica (D:9)
  13 death yaks
  A vampire mage (D:15)
  3 tengu warriors (D:14)
  A soul eater (Gauntlet)
  Sonja (D:10)
  A fire crab (Lair:4)
  Nergalle (D:11)
  2 skeletal warriors (D:15)
  2 spriggan druids
  5 goliath frogs
  A lindwurm (Lair:5)
  A bog body (Swamp:1)
  Pikel (D:9)
  A swamp dragon (Swamp:2)
  A sphinx zombie (D:15)
  A necromancer (D:15)
  2 deep elf pyromancers
  2 orc knights
  A tengu zombie (D:15)
  A frost giant zombie (D:15)
  A wolf spider (Lair:5)
  2 wizards (Gauntlet)
  4 cyclopes
  A will-o-the-wisp (Swamp:2)
  5 orc sorcerers (Orc:2)
  8 ugly things
  4 manticores
  Maurice (D:8)
  4 black mambas
  Joseph (D:10)
  11 cane toads
  2 gargoyles
  3 unseen horrors
  A cane toad (shapeshifter) (D:14)
  A kobold demonologist (D:13)
  4 rime drakes
  4 komodo dragons
  A yaktaur (D:14)
  3 freezing wraiths
  3 meliai (D:13)
  7 trolls
  A bloated husk (Swamp:3)
  A polar bear (Lair:2)
  8 hornets
  6 tyrant leeches (Swamp:1)
  A wolf spider simulacrum (D:15)
  5 dream sheep (Lair:5)
  12 blink frogs
  2 slime creatures
  9 wraiths
  5 spriggans (Swamp:2)
  A jumping spider (shapeshifter) (D:15)
  6 wyverns
  35 yaks
  3 basilisks
  2 steam dragons
  11 vampire mosquitoes
  3 acid dragons
  4 swamp worms
  A human zombie (D:15)
  A naga (Lair:2)
  11 water moccasins
  26 orc warriors
  4 ice beasts
  2 sky beasts
  3 black bears
  5 ogres
  12 wolves
  4 centaurs
  A phantom (D:5)
  2 kobold brigands
  9 bullfrogs
  6 gnoll sergeants
  A necrophage (D:4)
  7 scorpions
  A wight (D:7)
  6 killer bees (D:9)
  3 electric eels (Lair:3)
  2 lava snakes (Lair:3)
  7 howler monkeys
  5 jellies
  2 gnoll boudas
  22 orc priests
  4 hounds
  4 iguanas (D:6)
  42 orc wizards
  19 gnolls
  8 adders
  7 shadow imps
  3 white imps
  An ufetubus (D:5)
  A worm (D:2)
  5 dart slugs
  63 orcs
  5 ball pythons
  2 bats
  11 endoplasms
  3 giant cockroaches
  10 goblins
  6 hobgoblins
  2 jackals (D:1)
  7 kobolds
  3 quokkas
  5 rats
625 creatures vanquished.

Vanquished Creatures (collateral kills)
  3 death yaks
  2 dream sheep (Lair:5)
5 creatures vanquished.

Vanquished Creatures (others)
  Donald (Swamp:2)
  4 bloated husks
  A vampire mosquito (Swamp:1)
  11 foxfires
  21 fungi
  41 plants
79 creatures vanquished.

Grand Total: 709 creatures vanquished

Notes
Turn   | Place    | Note
-------+----------+-------------------------------------------
     0 | D:1      | jejorda2 the Tengu Berserker began the quest for the Orb.
     0 | D:1      | Reached XP level 1. HP: 14/14 MP: 2/2
   187 | D:1      | Reached XP level 2. HP: 19/19 MP: 3/3
   864 | D:1      | Reached XP level 3. HP: 23/23 MP: 4/4
  1192 | D:2      | Reached ** piety under Trog
  1689 | D:2      | Reached XP level 4. HP: 28/28 MP: 5/5
  2059 | D:3      | Identified the +8 short sword "Demonbane" {antimagic, rC+}
  2097 | D:3      | Gained mutation: Your magical nature lets you fly swiftly
                  | and evasively. [Tengu growth]
  2097 | D:3      | Reached XP level 5. HP: 33/33 MP: 2/6
  2193 | D:3      | Found a faded altar of an unknown god.
  2334 | D:3      | Found an ornate altar of the Wu Jian Council.
  2434 | D:3      | Reached skill level 1 in Short Blades
  2434 | D:3      | Reached skill level 5 in Long Blades
  2600 | D:3      | Reached *** piety under Trog
  2605 | D:3      | Reached XP level 6. HP: 38/38 MP: 2/7
  3008 | D:4      | Found a shimmering altar of Xom.
  3141 | D:4      | Reached XP level 7. HP: 40/44 MP: 2/8
  3309 | D:4      | Found a snail-covered altar of Cheibriados.
  3487 | D:5      | Entered Level 5 of the Dungeon
  3795 | D:5      | Found a large runed translucent door.
  3795 | D:5      | Found a large runed translucent door.
  3814 | D:5      | Reached skill level 5 in Fighting
  3893 | D:5      | Reached XP level 8. HP: 27/49 MP: 3/9
  4215 | D:5      | Identified the +0 robe of Hafac {rC- rN+ Str+4}
  4336 | D:5      | Found a hide-covered altar of Uskayaw.
  4342 | D:5      | Found an ancient bone altar of Kikubaaqudgha.
  4485 | D:6      | Reached skill level 5 in Short Blades
  4549 | D:6      | Reached **** piety under Trog
  4550 | D:6      | Reached XP level 9. HP: 55/55 MP: 3/10
  4592 | D:6      | Found an iron altar of Okawaru.
  4778 | D:6      | Found a shimmering blue altar of Sif Muna.
  4872 | D:6      | Found a glowing silver altar of Zin.
  4872 | D:6      | Found a glowing golden altar of the Shining One.
  4872 | D:6      | Found a white marble altar of Elyvilon.
  5105 | D:7      | Found a staircase to the Ecumenical Temple.
  5179 | D:7      | Found a bloodstained altar of Trog.
  5204 | D:7      | Noticed a hornet
  5212 | D:7      | Killed a hornet
  5214 | D:7      | Reached skill level 10 in Long Blades
  5631 | D:7      | Reached XP level 10. HP: 63/63 MP: 3/11
  5988 | D:7      | Found a stormy altar of Qazlal.
  6038 | D:7      | Found a burning altar of Makhleb.
  6222 | Temple   | Entered the Ecumenical Temple
  6905 | D:8      | Noticed a death yak
  6910 | D:8      | Noticed a death yak
  6912 | D:8      | Noticed a death yak
  6913 | D:8      | Noticed a death yak
  6914 | D:8      | Noticed a death yak
  6914 | D:8      | Noticed a death yak
  6918 | D:8      | Killed a death yak
  6923 | D:8      | Killed a death yak
  6930 | D:8      | Killed a death yak
  6931 | D:8      | Noticed a death yak
  6938 | D:8      | Killed a death yak
  6939 | D:8      | Reached XP level 11. HP: 60/68 MP: 0/12
  6942 | D:8      | Noticed a death yak
  6943 | D:8      | Noticed Maurice
  6947 | D:8      | Killed a death yak
  7060 | D:8      | Killed Maurice
  7154 | D:8      | Killed a death yak
  7216 | D:8      | Killed a death yak
  7217 | D:8      | Reached skill level 5 in Armour
  7221 | D:8      | Killed a death yak
  7383 | D:8      | Found a staircase to the Lair.
  7626 | D:9      | Noticed Erica
  7648 | D:9      | Killed Erica
  7759 | D:9      | Found Uboawac's Fire Supplies.
  7912 | D:9      | Reached skill level 5 in Evocations
  7979 | D:9      | Noticed a white ugly thing
  7990 | D:9      | Killed a white ugly thing
  8640 | D:9      | Found a sacrificial altar of Ru.
  8640 | D:9      | Found a sparkling altar of Nemelex Xobeh.
  8640 | D:9      | Noticed Pikel
  8648 | D:9      | Killed Pikel
  8649 | D:9      | Reached skill level 1 in Shields
  8699 | D:9      | Noticed Harold
  8717 | D:9      | Killed Harold
  8718 | D:9      | Reached skill level 2 in Shields
  9105 | Lair:1   | Entered Level 1 of the Lair of Beasts
  9119 | Lair:1   | Reached skill level 3 in Shields
  9206 | Lair:1   | Reached XP level 12. HP: 75/75 MP: 9/13
  9328 | Lair:1   | Reached skill level 4 in Shields
  9593 | Lair:1   | Reached skill level 5 in Shields
  9657 | Lair:1   | Found a runed translucent door.
  9657 | Lair:1   | Noticed Aky Rat's ghost (novice DsNe)
  9828 | Lair:1   | Reached skill level 6 in Shields
 10632 | Lair:2   | Noticed an eight-headed hydra
 10633 | Lair:2   | Noticed an eight-headed hydra
 10644 | Lair:2   | Killed a six-headed hydra
 10645 | Lair:2   | Reached skill level 7 in Shields
 10647 | Lair:2   | Killed a five-headed hydra
 10711 | Lair:2   | Found a staircase to the Swamp.
 10925 | Lair:2   | Noticed a seven-headed hydra
 10935 | Lair:2   | Killed a two-headed hydra
 10936 | Lair:2   | Reached skill level 8 in Shields
 10978 | Lair:2   | Found a staircase to the Snake Pit.
 11503 | Lair:3   | Found a gate leading to a gauntlet.
 11519 | Gauntlet | Entered a Gauntlet
 11519 | Gauntlet | Found a transporter.
 11540 | Gauntlet | Found a transporter.
 11555 | Gauntlet | Found a transporter.
 11560 | Gauntlet | Found a transporter.
 11587 | Gauntlet | Found a transporter.
 11596 | Gauntlet | Found a transporter.
 11598 | Gauntlet | Noticed an entropy weaver
 11608 | Gauntlet | Found a transporter.
 11620 | Gauntlet | Found a transporter.
 11632 | Gauntlet | Found a transporter.
 11644 | Gauntlet | Found a transporter.
 11645 | Gauntlet | Noticed a sun demon
 11661 | Gauntlet | Found a transporter.
 11661 | Gauntlet | Found a transporter.
 11681 | Gauntlet | Found a transporter.
 11703 | Gauntlet | Found a transporter.
 11727 | Gauntlet | Found a transporter.
 11804 | Gauntlet | Found a transporter.
 11804 | Gauntlet | Noticed a soul eater
 11829 | Gauntlet | Found a transporter.
 11831 | Gauntlet | Found a transporter.
 11958 | Gauntlet | Killed a soul eater
 12068 | Gauntlet | Reached skill level 9 in Shields
 12072 | Gauntlet | Identified the ring of Jujes {Fly Will+ rCorr Slay+5
                  | Stlth-}
 12122 | Gauntlet | Noticed a minotaur
 12134 | Gauntlet | Killed a minotaur
 12165 | Gauntlet | Identified the +2 pair of gloves of Forking Paths {rC+
                  | Str+2 Int+4}
 12458 | Lair:3   | Reached XP level 13. HP: 80/80 MP: 14/14
 12859 | Lair:4   | Reached skill level 5 in Dodging
 12926 | Lair:4   | Reached skill level 1 in Throwing
 12989 | Lair:4   | Reached skill level 10 in Shields
 13510 | Lair:5   | Entered Level 5 of the Lair of Beasts
 13665 | Lair:5   | Found a bloodstained altar of Trog.
 13665 | Lair:5   | Noticed porpoise's ghost (journeyman DsGl)
 13670 | Lair:5   | Found a transporter.
 13683 | Lair:5   | Found a transporter.
 14141 | Lair:5   | Reached skill level 11 in Shields
 14144 | Lair:5   | Found a viscous altar of Jiyva.
 14144 | Lair:5   | Found a staircase to the Slime Pits.
 14721 | Lair:5   | Reached skill level 12 in Shields
 14724 | Lair:5   | Reached XP level 14. HP: 84/84 MP: 15/15
 14727 | Lair:5   | Reached skill level 5 in Throwing
 15207 | D:10     | Entered Level 10 of the Dungeon
 15214 | D:10     | Noticed Joseph
 15227 | D:10     | Killed Joseph
 15367 | D:10     | Reached skill level 1 in Stealth
 15455 | D:10     | Noticed Snorg
 15456 | D:10     | Noticed Sonja
 15458 | D:10     | Killed Sonja
 15466 | D:10     | Killed Snorg
 15467 | D:10     | Reached skill level 13 in Shields
 15492 | D:10     | Found a runed translucent gate.
 15492 | D:10     | Found a runed translucent gate.
 15492 | D:10     | Found a runed translucent gate.
 15500 | D:10     | Noticed porpoise's ghost (journeyman TrBr)
 15872 | D:10     | Found an opulent altar of Gozag.
 16034 | D:10     | Found a viscous altar of Jiyva.
 16200 | D:11     | Noticed Gastronok
 16221 | D:11     | Killed Gastronok
 16394 | D:11     | Reached ***** piety under Trog
 16446 | D:11     | Noticed Nergalle
 16464 | D:11     | Killed Nergalle
 16617 | D:11     | Found a staircase to the Orcish Mines.
 16789 | D:12     | Reached skill level 14 in Shields
 17040 | D:12     | Noticed Nessos
 17082 | D:12     | Killed Nessos
 17682 | D:13     | Found a gate to the Vaults.
 17682 | D:13     | Noticed an ironbound preserver
 17698 | D:13     | Killed an ironbound preserver
 17927 | D:13     | Reached XP level 15. HP: 91/91 MP: 16/16
 18618 | D:14     | Reached skill level 10 in Fighting
 18849 | D:15     | Entered Level 15 of the Dungeon
 18849 | D:15     | Noticed Louise
 18889 | D:15     | Killed Louise
 18897 | D:15     | Identified the +3 great mace of Sharkskin {spect, *Noise
                  | rN++}
 19014 | D:15     | Found Byrr's Overcharged Wands.
 19420 | D:15     | Found a staircase to the Depths.
 19923 | Orc:1    | Entered Level 1 of the Orcish Mines
 19927 | Orc:1    | Found Mijoj's Gadget Gallery.
 19935 | Orc:1    | Bought a tin of tremorstones (2/2) for 520 gold pieces
 19935 | Orc:1    | Bought a condenser vane for 520 gold pieces
 20181 | Orc:1    | Noticed Josephine
 20271 | Orc:1    | Killed Josephine
 20461 | Orc:2    | Entered Level 2 of the Orcish Mines
 20502 | Orc:1    | Reached skill level 10 in Dodging
 20515 | Orc:2    | Reached skill level 10 in Throwing
 20570 | Orc:2    | Found a staircase to the Elven Halls.
 21005 | Orc:2    | Noticed Rupert
 21019 | Orc:2    | Killed Rupert
 21141 | Orc:2    | Found Iblaun's Assorted Antiques.
 21141 | Orc:2    | Found Fomm's Antique Weapon Shop.
 21142 | Orc:2    | Found Enteac's General Store.
 21146 | Orc:2    | Found Bokat's Magic Scroll Boutique.
 21153 | Orc:2    | Bought the +4 cloak "Vuampi" {rElec} for 616 gold pieces
 21546 | Swamp:1  | Entered Level 1 of the Swamp
 21643 | Swamp:1  | Found a runed translucent gate.
 21643 | Swamp:1  | Noticed a tentacled monstrosity
 21644 | Swamp:1  | Found a runed translucent gate.
 21645 | Swamp:1  | Found a runed translucent gate.
 21645 | Swamp:1  | Noticed Lance11888's ghost (journeyman OgCA)
 21646 | Swamp:1  | Noticed a thorn hunter
 21701 | Swamp:1  | Reached ****** piety under Trog
 21702 | Swamp:1  | Received a gift from Trog
 21905 | Swamp:1  | Reached XP level 16. HP: 100/100 MP: 17/17
 22520 | Swamp:2  | Identified the +8 flail "Suum" {freeze, Fly rElec rPois
                  | Will-}
 22549 | Swamp:2  | Found a runed translucent door.
 22552 | Swamp:2  | Noticed SigmundSlayer's ghost (adept DEIE)
 22552 | Swamp:2  | Identified the +5 trident of Tuinaf {drain, Drain Fly rC++}
 22561 | Swamp:2  | Noticed Donald
 22570 | Swamp:2  | Killed Donald
 22820 | Swamp:2  | Noticed a fenstrider witch
 22826 | Swamp:2  | Killed a fenstrider witch
 23443 | Swamp:3  | Killed from afar by a will-o-the-wisp

Illustrated notes

Levels and vault maps discovered:
D:1:      lightli_arrival_maybe_door_vault, layout_rooms
D:2:      layout_loops_ring
D:3:      layout_basic, nzn_wu_jian_council_hall,
          shapermc_ecumenical_altar_acropolis, st_stairs_4, interstate_on_off,
          minmay_vboxes
D:4:      layout_basic, mainiacjoe_overflow_tiny_flanked, amcnicky_altar_gilded,
          kennysheep_windowed_goal
D:5:      layout_basic, jmf_multi_god_temple2, feat_on_display
D:6:      layout_loops_ring, good_gods_mini_temple,
          mainiacjoe_overflow_24_doors, mainiacjoe_overflow_paths
D:7:      minmay_clustersquares, layout_cave_pods,
          mainiacjoe_overflow_catwalk_spiral, mainiacjoe_overflow_alcove_4,
          minmay_temple_entry_sparse_star
D:8:      layout_rooms, dpeg_lair_monsters, uniq_maurice
D:9:      layout_loops_corners, mainiacjoe_overflow_divided_tiny,
          nicolae_shop_fire_sale [nicolae_sub_dead_trees], uniq_pikel,
          uniq_harold, uniq_erica
D:10:     layout_irregular_city, lemuel_coloured_pillars_altar,
          gammafunk_ghost_ooze, uniq_joseph, uniq_snorg, uniq_sonja
D:11:     layout_cave_pools, kennysheep_orc_monster_closet_entryway,
          chequers_jeans, uniq_gastronok, uniq_nergalle
D:12:     layout_rooms, uniq_nessos
D:13:     layout_roguey, skrybe_vaults_entry_preservation
D:14:     minmay_curly_fans, layout_cave_pools, minivault_11,
          chequers_mini_garden, grunt_ogre_cave
D:15:     gammafunk_depths_entry_grave, layout_basic, solitary_fountain,
          amcnicky_mini_corridor_feature, nicolae_shop_overcharged_wands,
          uniq_louise
Temple:   nicolae_temple_bog_church
Lair:1:   layout_layer_cave, ebering_ghost_inner_flame, serial_bayou_shore_b,
          lemuel_fruit_fields, lemuel_fruit_tree, grunt_megastairs_1
Lair:2:   layout_gridlike, swamp_mist, guppyfry_snake_entry_island
Lair:3:   layout_chaotic_city, gauntlet_entry_generic,
          nicolae_lair_liquid_snakes
Lair:4:   layout_misc_corridors
Lair:5:   evilmike_catoblepas_cave, layout_layer_cave, slime_entry_1,
          gammafunk_ghost_wrathful_warriors, nicolae_lair_run_with_the_wolves
Swamp:1:  layout_falls_marsh, gammafunk_ghost_split, hangedman_swamp_cone
Swamp:2:  layout_basic_swamp, ebering_ghost_funeral_grove,
          evilmike_swamp_ruin_house_1, swamp_pool1, infiniplex_staircase_pool,
          uniq_donald
Swamp:3:  layout_falls_marsh, nicolae_swamp_triple_paths
Orc:1:    layout_caves, basic_altar, nicolae_shop_gadgets, uniq_josephine
Orc:2:    st_orc_mages, layout_caves, basic_altar, nicolae_orc_stony_grotto,
          uniq_rupert

Skill      XL: |  1  2  3  4  5  6  7  8  9 10 11 12 13 14 15 16 |
---------------+-------------------------------------------------+-----
Long Blades    | 4 5 6 7 9 11 13 | 13.0
Armour         | 3 4 5 8 9 |  9.0
Short Blades   | 1 2 3 5 6 8 |  8.6
Fighting       | 4 5 6 7 8 9 11 | 11.6
Evocations     | 2 6 |  6.0
Dodging        | 4 7 8 10 11 | 11.4
Shields        | 3 9 12 14 | 14.0
Throwing       | 4 7 11 12 | 12.2
Stealth        | 3 |  3.0

Action                   |  1- 3 |  4- 6 |  7- 9 | 10-12 | 13-15 | 16-18 || total
-------------------------+-------+-------+-------+-------+-------+-------++-------
Melee: Falchion          |    78 |    29 |       |       |       |       ||   107
       Kick              |    20 |    28 |    79 |   156 |   438 |    53 ||   774
       Peck              |    10 |    13 |    37 |    95 |   244 |    41 ||   440
       Short sword       |       |    83 |   248 |   216 |    27 |       ||   574
       Punch             |       |     1 |     3 |     5 |       |       ||     9
       Scimitar          |       |       |       |   233 |   968 |   107 ||  1308
Throw: Stone             |       |       |    10 |    15 |     1 |       ||    26
       Dart              |       |       |     2 |     4 |    17 |       ||    23
       Boomerang         |       |       |       |       |    43 |    17 ||    60
       Throwing net      |       |       |       |       |     1 |       ||     1
       Javelin           |       |       |       |       |     2 |       ||     2
Invok: Berserk           |     1 |     1 |     3 |     7 |    14 |     2 ||    28
       Trog's Hand       |       |       |       |     6 |     9 |     1 ||    16
       Brothers in Arms  |       |       |       |     1 |     2 |       ||     3
Evoke: Wand              |       |       |       |     3 |     3 |       ||     6
       Tin of tremorston |       |       |       |       |       |     1 ||     1
  Use: Scroll            |       |    10 |       |    18 |     8 |       ||    36
       Potion            |       |       |       |     2 |       |       ||     2
 Stab: Sleeping          |     1 |       |       |       |       |       ||     1
       Distracted        |       |       |       |       |     1 |       ||     1
       Petrifying        |       |       |       |       |     1 |       ||     1
       Petrified         |       |       |       |       |     1 |       ||     1
Armor: Animal skin       |     6 |       |       |       |       |       ||     6
       Ring mail         |     7 |       |       |       |       |       ||     7
       Plate armour      |     1 |    36 |       |       |       |       ||    37
       Chain mail        |       |    15 |   111 |    89 |   341 |    58 ||   614
       Scale mail        |       |       |       |    33 |       |       ||    33
Dodge: Dodged            |    51 |    26 |    68 |   162 |   358 |    47 ||   712
Block: Buckler           |       |       |       |    49 |   134 |    49 ||   232
       Kite shield       |       |       |       |       |   338 |       ||   338

Table legend: (Time is in decaauts)
 A = Elapsed time spent in this place.
 B = Non-inter-level travel time spent in this place.
 C = Inter-level travel time spent in this place.
 D = Time resting spent in this place.
 E = Time spent auto-exploring this place.
 F = Levels seen in this place.
 G = Mean time per level.
                   A        B        C        D        E       F      G
               +--------+--------+--------+--------+--------+-----+--------+
         Total |  21650 |  20289 |   1361 |   1817 |  14259 |  27 |  801.9 |
       Dungeon |  13005 |  12216 |    789 |   1312 |   8459 |  15 |  867.0 |
        Temple |     20 |     16 |      4 |      0 |      0 |   1 |   20.0 |
          Lair |   4906 |   4468 |    438 |    204 |   3477 |   5 |  981.2 |
         Swamp |   1721 |   1687 |     34 |    154 |   1177 |   3 |  573.7 |
  Orcish Mines |   1359 |   1264 |     95 |     92 |    751 |   2 |  679.5 |
      Gauntlet |    637 |    637 |      0 |     54 |    393 |   1 |  637.0 |
               +--------+--------+--------+--------+--------+-----+--------+

Top non-repeatable levels by time:
  Lair:1: 1403 daAuts
     D:9: 1374 daAuts
     D:7: 1342 daAuts
  Lair:5: 1267 daAuts
     D:1: 1110 daAuts
     D:8: 1052 daAuts
     D:2: 885 daAuts
     D:3: 876 daAuts
  Lair:2: 870 daAuts
    D:15: 850 daAuts
     D:5: 804 daAuts
    D:10: 783 daAuts
    D:13: 782 daAuts
    D:11: 763 daAuts
   Orc:2: 745 daAuts
